 Dungeon Crawl Stone Soup version 0.31.0-9-g3a7656b989 (webtiles) character file.

Game seed: 16896688423299844329

23161 Killerpretzel the Nimble (level 12, -4/51 HPs)
             Began as a Felid Air Elementalist on Feb 1, 2024.
             Was an Initiate of Gozag.
             Slain by a warg (18 damage)
             ... on level 12 of the Dungeon.
             The game lasted 01:58:56 (26726 turns).

Killerpretzel the Nimble (Felid Air Elementalist)  Turns: 26726, Time: 01:58:56

Health: -4/51      AC:  3    Str:  4    XL:     12   Next: 69%
Magic:  5/24       EV: 32    Int: 23    God:    Gozag
Gold:   512        SH:  0    Dex: 22    Spells: 9/26 levels left
                                        Lives:  0   Deaths: 3

rFire   . . .        (weapon unavailable)
rCold   + . .        (shield unavailable)
rNeg    . . .        (body armour unavailable)
rPois   +            (helmet unavailable)
rElec   .            (cloak unavailable)
rCorr   +            (gloves unavailable)
SInv    +            (boots unavailable)
Will    +....        (no amulet)
Stlth   +++++        p - +5 ring of evasion
HPRegen 0.28/turn    q - ring "Adidwuc" {rPois rCorr Dex+4}
MPRegen 0.19/turn

%: no passive effects
@: marked
A: very small, claws 1, fangs 3, see invisible, shaggy fur 3, stealthy paws, no
weapons or thrown items, no armour, multi-lived
a: Renounce Religion, Potion Petition, Call Merchant, Bribe Branch


You were on level 12 of the Dungeon.
You worshipped Gozag.
Gozag was pleased with you.
You visited 3 branches of the dungeon, and saw 17 of its levels.

You collected 2248 gold pieces.
You spent 145 gold pieces at shops.
You paid 1591 gold pieces to Gozag.

Inventory:

Jewellery
 p - a +5 ring of evasion (left paw)
 q - the ring "Adidwuc" (right paw) {rPois rCorr Dex+4}
   (You bought it in a shop on level 10 of the Dungeon)

   [ring of poison resistance]

   Dex+4:     It affects your dexterity (+4).
   rPois:     It protects you from poison rCorr: It protects you from acid and
   corrosion.
 u - a +4 ring of protection
Wands
 o - a wand of roots (6)
 v - a wand of charming (7)
Scrolls
 b - 2 scrolls of immolation
 d - 5 scrolls of identify
 l - 3 scrolls of poison
 n - 2 scrolls of blinking
 r - a scroll of revelation
 s - a scroll of fear
 t - 5 scrolls of fog
 x - a scroll of vulnerability
Potions
 a - 2 potions of heal wounds
 c - 2 potions of invisibility
 f - 5 potions of might
 g - a potion of brilliance {unknown}
 h - a potion of enlightenment {unknown}
 i - a potion of haste {unknown}
 j - 2 potions of curing
 k - 3 potions of cancellation
 C - 2 potions of berserk rage {unknown}


   Skills:
 + Level 11.3 Dodging
 - Level 10.0 Stealth
 + Level 7.9 Spellcasting
 + Level 7.4 Conjurations
 + Level 9.2 Translocations
 * Level 11.1 Air Magic
 + Level 5.2 Shapeshifting


You had 9 spell levels left.
You knew the following spells:

 Your Spells              Type           Power      Damage    Failure   Level
a - Shock                 Conj/Air       100%       1d9       1%          1
b - Static Discharge      Conj/Air       100%       3-8/arc   1%          2
c - Airstrike             Air            28%        2d(5-21)  1%          4
d - Mephitic Cloud        Conj/Alch/Air  37%        N/A       1%          3
e - Swiftness             Air            57%        N/A       1%          3
f - Manifold Assault      Tloc           51%        N/A       1%          4

Your spell library contained the following spells:

 Spells                   Type           Power      Damage    Failure   Level
 Apportation              Tloc           100%       N/A       1%          1
 Sting                    Conj/Alch      100%       1d9       1%          1
 Mercury Vapours          Alch/Air       68%        N/A       1%          2
 Hailstorm                Conj/Ice       26%        3d7       4%          3
 Freeze                   Ice            36%        1d5       7%          1
 Necrotise                Necr           36%        1d5       7%          1
 Summon Small Mammal      Summ           36%        N/A       7%          1
 Call Imp                 Summ           18%        N/A       11%         2
 Jinxbite                 Hex            18%        N/A       11%         2
 Sublimation of Blood     Necr           9%         N/A       11%         2
 Freezing Cloud           Conj/Ice/Air   18%        6-21      16%         5
 Frozen Ramparts          Ice            18%        1d3       22%         3
 Fugue of the Fallen      Necr           9%         N/A       22%         3
 Ozocubu's Armour         Ice            9%         N/A       22%         3
 Yara's Violent Unravell  Hex/Alch       4%         3d4       89%         5
 Enfeeble                 Hex            4%         N/A       100%        7
 Summon Hydra             Summ           4%         N/A       100%        7


Dungeon Overview and Level Annotations

Branches:
Dungeon (13/15)            Temple (1/1) D:7            Lair (3/5) D:10
  Swamp (0/4) Lair:3        Snake (0/4) Lair:2          Orc (0/2) D:12
 Vaults: D:13-14

Altars:
Ashenzari
Cheibriados
Dithmenos
Elyvilon
Fedhas
Gozag
Hepliaklqana
Kikubaaqudgha
Nemelex Xobeh
Okawaru
Qazlal
Ru
Sif Muna
Trog
Uskayaw
Vehumet
Wu Jian
Xom
Yredelemnul
Zin
The Shining One

Shops:
D:2 (   D:7 (   D:10 *   Lair:2 :

Annotations:
D:5 exclusion: downstairs, Pikel
D:6 exclusions: 2 kobolds, 2 kobold brigands, 2 kobold demonologists, 2 orcs and orc warrior
D:7 exclusion: downstairs
D:8 exclusions: 3 doors and 4 more exclusions
D:9 2 runed translucent doors, exclusions: centaur warrior, 6 doors, 2 downstairs and two-headed ogre, Kenran's ghost, novice AtGl
D:10 exclusion: ice dragon
D:11 exclusion: downstairs
D:12 exclusion: door
D:13 exclusion: 2 centaurs
Lair:1 exclusion: yak
Lair:3 exclusions: 2 death yaks and oklob plant, Amaemon


Innate Abilities, Weirdness & Mutations

You have sharp claws.
You have razor-sharp teeth.
You have supernaturally acute eyesight. (SInv)
Your thick and shaggy fur keeps you warm. (AC +3, rC+)
Your paws help you pounce on unaware monsters.
You are incapable of wielding weapons or throwing items.
You cannot wear armour.
You gain extra lives every three experience levels.


Message History

Confirm with . or Enter, or press ? or * to list all spells.
Aiming: Airstrike (dangerous; 1% risk of failure)
Press: ? - help, Dir - move target, f/p - boulder beetle
Aim: a boulder beetle (severely wounded, rolling, empty space bonus: 5/8)
The air twists around and strikes the boulder beetle!
The boulder beetle is severely wounded.
Casting: Airstrike (dangerous; 1% risk of failure)
Confirm with . or Enter, or press ? or * to list all spells.
Aiming: Airstrike (dangerous; 1% risk of failure)
Press: ? - help, Dir - move target, f/p - boulder beetle
Aim: a boulder beetle (severely wounded, rolling, empty space bonus: 5/8)
The air twists around and strikes the boulder beetle!
The boulder beetle is almost dead.
Casting: Airstrike (dangerous; 1% risk of failure)
Confirm with . or Enter, or press ? or * to list all spells.
Aiming: Airstrike (dangerous; 1% risk of failure)
Press: ? - help, Dir - move target, f/p - boulder beetle
Aim: a boulder beetle (almost dead, rolling, empty space bonus: 5/8)
The air twists around and strikes the boulder beetle!
You kill the boulder beetle!
The warg attacks as it pursues you! The warg bites you! The warg misses you.
There is an open door here.
Casting: Airstrike (dangerous; 1% risk of failure)
Confirm with . or Enter, or press ? or * to list all spells.
Aiming: Airstrike (dangerous; 1% risk of failure)
Press: ? - help, Dir - move target, f - warg
Aim: a warg (empty space bonus: 5/8)
The air twists around and strikes the warg!!
The warg is severely wounded.
The warg bites you!!
Casting: Airstrike (dangerous; 1% risk of failure)
Confirm with . or Enter, or press ? or * to list all spells.
The warg is struck by an arc of lightning.
The warg is almost dead.
You are struck by an arc of lightning.
* * * LOW HITPOINT WARNING * * *
The lightning grounds out.
The warg barely misses you. The warg bites you!!
You die...
Your body crumbles into a pile of gold.

#....#..#......'....# #.
#....#..#......#....#
#..#....#..#...####....#
#..#....#..#...#..#....#
#..#.......#####..#....#
#.B........#...##'#....#
#.......####...........#
#..#....#........[###### #.
#....#..##@##.......#
..#....##+#.h.#.......#
...#.......#...#########
...#.......#......#....#
####..###+#########..#....#
+..#..+....#.%.......#....#
#..#..#....#......#..#....#
#Bh#..#....#......#.......#
#.h...######..#####.......#


You could see a warg.

Vanquished Creatures
  A hydra (Lair:2)
  A boulder beetle (D:12)
  4 two-headed ogres
  A salamander mystic (D:11)
  2 salamanders (D:11)
  A manticore (D:11)
  An elephant (Lair:3)
  5 black mambas
  8 cane toads
  A kobold demonologist (D:5)
  An unseen horror zombie (D:8)
  4 komodo dragons
  An efreet (D:12)
  4 trolls
  5 blink frogs (Lair:1)
  2 centaur simulacra (D:10)
  3 wyverns (Lair:3)
  A wraith (D:11)
  24 yaks
  2 basilisks
  2 steam dragons
  Edmund (D:6)
  10 water moccasins
  An ice beast (D:6)
  A black bear (D:5)
  2 orc warriors
  2 ogres
  5 wolves
  A centaur (D:6)
  A phantom (D:7)
  3 lemures (D:5)
  A kobold brigand (D:8)
  12 bullfrogs
  A gnoll sergeant (D:8)
  6 scorpions
  4 killer bees (D:9)
  6 electric eels
  A howler monkey (D:3)
  3 bombardier beetles
  2 jellies
  5 orc priests
  3 gnoll boudas
  9 hounds
  3 sleepcaps
  2 iguanas
  8 orc wizards
  14 gnolls
  A howler monkey zombie (D:8)
  8 adders
  A shadow imp (D:7)
  3 white imps
  A howler monkey simulacrum (D:10)
  An ufetubus (D:10)
  A ribbon worm (D:3)
  45 orcs
  6 bats
  5 endoplasms
  3 giant cockroaches (D:4)
  6 goblins
  6 hobgoblins
  12 jackals
  10 kobolds
  5 quokkas
  9 ball pythons
  5 frilled lizards
  4 rats
313 creatures vanquished.

Notes
Turn   | Place    | Note
-------+----------+-------------------------------------------
     0 | D:1      | Killerpretzel the Felid Air Elementalist began the quest
                  | for the Orb.
     0 | D:1      | Reached XP level 1. HP: 9/9 MP: 4/4
    49 | D:1      | Reached skill level 1 in Conjurations
   113 | D:1      | Reached XP level 2. HP: 13/13 MP: 3/6
  1170 | D:2      | Learned a level 2 spell: Static Discharge
  1296 | D:2      | Reached XP level 3. HP: 16/16 MP: 4/7
  1357 | D:2      | Found Velurpho's Weapon Shop.
  2221 | D:2      | Reached XP level 4. HP: 19/21 MP: 0/8
  2221 | D:2      | Gained a life (2 lives remaining)
  2885 | D:3      | Found a hide-covered altar of Uskayaw.
  3057 | D:2      | Learned a level 3 spell: Swiftness
  3313 | D:3      | Reached XP level 5. HP: 12/24 MP: 3/10
  4239 | D:3      | Gained mutation: You are covered in thick fur. (AC +2)
                  | [Felid growth]
  4239 | D:3      | Reached XP level 6. HP: 28/28 MP: 1/11
  4560 | D:4      | Found a stormy altar of Qazlal.
  5551 | D:4      | Found a hazy altar of Hepliaklqana.
  5880 | D:5      | Entered Level 5 of the Dungeon
  5956 | D:4      | Reached skill level 5 in Stealth
  5956 | D:4      | Reached XP level 7. HP: 21/32 MP: 0/12
  6698 | D:5      | Reached skill level 5 in Air Magic
  6705 | D:5      | Reached skill level 5 in Dodging
  7007 | D:5      | Noticed Pikel
  7539 | D:5      | Reached XP level 8. HP: 35/36 MP: 5/14
  8377 | D:6      | Noticed a kobold demonologist
  8377 | D:6      | Noticed a kobold demonologist
  8746 | D:5      | Learned a level 4 spell: Airstrike
  8750 | D:5      | Learned a level 3 spell: Mephitic Cloud
  9442 | D:5      | Killed a kobold demonologist
  9603 | D:6      | Noticed Edmund
  9610 | D:6      | Killed Edmund
  9611 | D:6      | Reached XP level 9. HP: 39/39 MP: 1/17
  9719 | D:7      | Found a broken altar of Ashenzari.
  9739 | D:7      | Found a staircase to the Ecumenical Temple.
 10051 | D:7      | Found Useryodd's Firing Range.
 10354 | D:6      | Found an iron altar of Okawaru.
 10669 | D:7      | Learned a level 4 spell: Manifold Assault
 11004 | Temple   | Entered the Ecumenical Temple
 11027 | Temple   | Became a worshipper of Gozag Ym Sagoz the Greedy
 11368 | D:8      | Reached skill level 5 in Spellcasting
 11368 | D:8      | Reached skill level 1 in Translocations
 11485 | D:8      | Found a basalt altar of Yredelemnul.
 11579 | D:8      | Reached skill level 1 in Shapeshifting
 11845 | D:8      | Identified the +6 rapier "Murmur" {vamp, rCorr}
 12040 | D:8      | Found a glowing silver altar of Zin.
 12743 | D:9      | Noticed a centaur warrior
 12743 | D:9      | Noticed a two-headed ogre
 13047 | D:9      | Found a large runed translucent door.
 13047 | D:9      | Found a large runed translucent door.
 13816 | D:9      | Noticed Kenran's ghost (novice AtGl)
 13995 | D:10     | Entered Level 10 of the Dungeon
 14000 | D:10     | Noticed a troll
 14002 | D:10     | Reached skill level 5 in Conjurations
 14236 | D:10     | Noticed a two-headed ogre
 14240 | D:10     | Killed a two-headed ogre
 14241 | D:10     | Reached XP level 10. HP: 44/44 MP: 2/19
 15241 | D:10     | Found a staircase to the Lair.
 15978 | D:10     | Noticed an ice dragon
 16268 | D:11     | Noticed a salamander
 16446 | D:11     | Noticed a two-headed ogre
 16466 | D:11     | Killed a two-headed ogre
 16467 | D:11     | Reached skill level 5 in Translocations
 16594 | D:11     | Noticed a manticore
 17280 | D:11     | Noticed a two-headed ogre
 17303 | D:11     | Killed a two-headed ogre
 17404 | D:11     | Killed a manticore
 17405 | D:11     | Reached XP level 11. HP: 42/47 MP: 8/21
 17773 | D:11     | Noticed a salamander mystic
 17779 | D:11     | Killed a salamander mystic
 17780 | D:11     | Reached skill level 10 in Stealth
 17788 | D:11     | Slain by a salamander
 17788 | D:11     | Lost a life (1 life remaining)
 17917 | D:11     | Found the +3 salamander hide armour {Flames, rFlCloud rF++
                  | rC--}
 17978 | D:12     | Found a staircase to the Orcish Mines.
 18483 | D:12     | Noticed a boulder beetle
 18483 | D:12     | Noticed an eight-headed hydra
 18839 | D:12     | Noticed a boulder beetle
 18991 | D:12     | Mangled by a boulder beetle
 18991 | D:12     | Lost a life (0 lives remaining)
 19028 | D:12     | Noticed a deep elf pyromancer
 19028 | D:12     | Noticed a purple ugly thing
 19503 | D:13     | Noticed a two-headed ogre
 19509 | D:13     | Killed a two-headed ogre
 19925 | D:13     | Noticed a centaur warrior
 19928 | D:13     | Noticed a catoblepas
 20121 | Lair:1   | Entered Level 1 of the Lair of Beasts
 20544 | D:10     | Bought a slimy carnelian ring for 145 gold pieces
 20544 | D:10     | Identified the ring "Adidwuc" {rPois rCorr Dex+4} (You
                  | bought it in a shop on level 10 of the Dungeon)
 21323 | Lair:1   | Reached skill level 10 in Dodging
 21326 | Lair:1   | Reached skill level 10 in Air Magic
 22426 | Lair:1   | You fall into a shaft and drop 1 floor!
 22426 | Lair:2   | Found a staircase to the Snake Pit.
 22464 | Lair:1   | Gained mutation: Your thick and shaggy fur keeps you warm.
                  | (AC +3, rC+) [Felid growth]
 22464 | Lair:1   | Reached XP level 12. HP: 16/51 MP: 14/23
 22464 | Lair:1   | Gained a life (1 life remaining)
 24109 | Lair:2   | Noticed an eight-headed hydra
 24157 | Lair:2   | Killed an eight-headed hydra
 24698 | Lair:3   | Noticed a death yak
 24788 | Lair:3   | Noticed a death yak
 25184 | Lair:3   | Reached skill level 5 in Shapeshifting
 26012 | Lair:3   | Found a staircase to the Swamp.
 26077 | Lair:3   | Noticed Amaemon
 26666 | D:12     | Slain by a boulder beetle
 26666 | D:12     | Lost a life (0 lives remaining)
 26713 | D:12     | Killed a boulder beetle
 26726 | D:12     | Slain by a warg

Illustrated notes

Levels and vault maps discovered:
D:1:      dpeg_arrival_pits, layout_loops_cross
D:2:      layout_basic, serial_shops, nicolae_shop_tiny_real_fake_doors,
          serial_glass, glass_columns_b, glass_columns_a, glass_columns_a,
          glass_columns_b, glass_columns_b, nicolae_underground_beach
D:3:      layout_loops_cross, eat_drink_and_be_merry_uskayaw
D:4:      layout_loops_ring, lemuel_tele_altar, grunt_qazlal_sundering,
          minmay_increasing_density
D:5:      layout_basic, uniq_pikel
D:6:      layout_rooms, nicolae_overflow_hidden_temple, lightli_temple_of_fire,
          serial_bayou_pond_e, hex_tiny, uniq_edmund
D:7:      layout_basic, nicolae_ashenzari_skybound,
          minmay_temple_entry_proselytizer, nicolae_shop_firing_range
D:8:      layout_basic, nicolae_overflow_crystal_walls,
          lemuel_zombie_altar_yredelemnul
D:9:      kennysheep_big_flooded_room, layout_basic,
          ebering_ghost_disaster_area, kennysheep_generic_room_13
D:10:     dragon1_lemuel, layout_rooms, erik_lair_island, serial_ice,
          serial_ice_f, serial_ice_l, serial_ice_a, serial_ice_o,
          wad_floor_pattern_1
D:11:     layout_roguey, hellmonk_guarded_unrand_salamander
D:12:     layout_grid_maze, minmay_orc_entry_guard_dogs, minmay_bent
D:13:     layout_basic
Temple:   minmay_temple_curvy_branch
Lair:1:   hellmonk_destroyed_diamonds, layout_cave_pods, grunt_megastairs_2
Lair:2:   layout_long_grid, dummy_snake_entry, nicolae_quartered_pool_super,
          serial_bayou_shore_a
Lair:3:   layout_chaotic_city, minmay_swamp_entry_reptiles,
          grunt_forest_small_clearing_treed, infiniplex_staircase_pool_2,
          uniq_amaemon

Skill      XL: |  1  2  3  4  5  6  7  8  9 10 11 12 |
---------------+-------------------------------------+-----
Conjurations   | 1 2 3 4 5 6 7 |  7.4
Stealth        | 3 4 5 6 7 8 9 10 | 10.0
Dodging        | 3 4 5 6 8 9 10 11 | 11.3
Air Magic      | 3 4 5 6 8 9 10 11 | 11.1
Spellcasting   | 3 4 5 6 7 |  7.9
Translocations | 3 5 7 9 |  9.2
Shapeshifting  | 2 3 4 5 |  5.2

Action                     |  1- 3 |  4- 6 |  7- 9 | 10-12 || total
---------------------------+-------+-------+-------+-------++-------
  Melee: Unarmed           |    14 |     8 |     4 |    25 ||    51
         Bite              |     3 |     4 |     1 |     3 ||    11
         Punch             |       |       |       |     1 ||     1
   Cast: Shock             |    66 |   179 |   204 |    49 ||   498
         Static Discharge  |     5 |    13 |    54 |    36 ||   108
         Swiftness         |       |     2 |     1 |     1 ||     4
         Mephitic Cloud    |       |       |     4 |     9 ||    13
         Airstrike         |       |       |    59 |   273 ||   332
         Manifold Assault  |       |       |       |     1 ||     1
 Invoke: Call Merchant     |       |       |       |     2 ||     2
  Evoke: Wand              |       |       |     8 |    29 ||    37
    Use: Scroll            |     1 |     7 |     5 |    12 ||    25
         Potion            |       |     1 |       |    10 ||    11
   Stab: Confused          |       |       |       |     3 ||     3
 Armour: Skin              |    19 |    32 |    89 |    94 ||   234
  Dodge: Dodged            |    37 |    49 |   102 |   178 ||   366
